 Dungeon Crawl Stone Soup version 0.18-a0-1670-gb40d73e (webtiles) character file.

45 dwasdwasdwas the Firebug (level 3, -3/24 HPs)
             Began as a Demonspawn Fire Elementalist on Apr 1, 2016.
             Was an Initiate of Pakellas.
             Slain by Sigmund
             ... wielding a +5 scythe of venom
              (13 damage)
             ... on level 2 of the Dungeon.
             The game lasted 00:21:40 (2145 turns).

dwasdwasdwas the Firebug (DsFE)                     Turns: 2145, Time: 00:21:41

Health: -3/24      AC:  4    Str:  8    XL:     3   Next: 42%
Magic:  1/6        EV: 12    Int: 17    God:    Pakellas [......]
Gold:   61         SH:  2    Dex: 13    Spells: 3 memorised, 1 level left

rFire  . . .     SeeInvis .     d - +0 hand axe
rCold  + . .     Gourm    .     i - +0 robe
rNeg   . . .     Faith    .     (no shield)
rPois  .         Spirit   .     (no helmet)
rElec  .         Dismiss  .     (no cloak)
rCorr  .         Reflect  .     (no gloves)
SustAt .         Harm     .     (no boots)
MR     .....                    (no amulet)
Stlth  ++........               (no ring)
                                h - ring of protection from cold

@: lethally poisoned (-3 -> -9), very slightly contaminated, not resistant to
hostile enchantments, unstealthy
A: large bone plates 1
a: Renounce Religion


You were on level 2 of the Dungeon.
You worshipped Pakellas.
Pakellas was noncommittal.
You were not hungry.

You visited 1 branch of the dungeon, and saw 2 of its levels.

You collected 61 gold pieces.

Inventory:

Hand Weapons
 d - a +0 hand axe (weapon)
Missiles
 e - 55 stones (quivered)
Armour
 i - a +0 robe (worn)
Jewellery
 h - a ring of protection from cold (left hand)
Scrolls
 c - a scroll of amnesia {unknown}
 k - a scroll of remove curse
 l - 2 scrolls of blinking {unknown}
Potions
 g - a potion of invisibility
 j - a potion of might
Books
 b - a book of Flames

   Spells                             Type                      Level
   a - Flame Tongue                   Conjuration/Fire             1
   b - Throw Flame                    Conjuration/Fire             2
   c - Conjure Flame                  Conjuration/Fire             3
   d - Inner Flame                    Hexes/Fire                   3
   e - Sticky Flame                   Conjuration/Fire             4
   f - Fireball                       Conjuration/Fire             5
Comestibles
 a - 2 fruits
 f - a meat ration


   Skills:
 - Level 0.2 Fighting
 + Level 2.0 Dodging
 + Level 2.1 Stealth
 + Level 2.5 Spellcasting
 + Level 1.5 Conjurations
 * Level 3.2 Fire Magic


You had one spell level left.
You knew the following spells:

 Your Spells              Type           Power        Failure   Level  Hunger
a - Flame Tongue          Conj/Fire      ##...        10%         1    #......
b - Throw Flame           Conj/Fire      ##....       14%         2    ##.....
c - Conjure Flame         Conj/Fire      ##......     24%         3    ###....


Dungeon Overview and Level Annotations

Branches:
Dungeon (2/15)

Altars:
Pakellas

Annotations:
D:2 Sigmund


Innate Abilities, Weirdness & Mutations

You are partially covered in large bone plates (AC +2, SH +2).


Message History

You flicker back into view.
Casting: Throw Flame
Confirm with . or Enter, or press ? or * to list all spells.
You don't have enough magic to cast that spell.
Sigmund mumbles some strange words.
Sigmund flickers and vanishes!
Deactivating autopickup; reactivate with Ctrl-A.
You are confused.
You're too confused to move!
A puff of flame appears from out of thin air!
The puff of flame hits you!
You can't go up here!
Something hits you.
You are poisoned.
You're too confused to move!
You feel sick.
You feel less confused.
You feel sick. Something hits you!
Ouch! That really hurt!
You die...
Pakellas says: Time to start the next experiment...

############# #...{S.......
#.########### #.# #S# #.# #.#
########.########### ########
#>.@.S.............. #......####
#..###########......
#.........###..######## #......
#......##.#)..........# #......
#.........'...........####......
#........##..[....(...†.........
#.....................##########
#####....##$.......(..#
##.##._........#####


You could see an adder.

Vanquished Creatures
  An adder (D:2)
  2 worms (D:2)
  2 dart slugs (D:1)
  A giant gecko (D:1)
  2 giant cockroaches (D:1)
  2 goblins
  2 hobgoblins (D:1)
  2 jackals (D:1)
  A ball python (D:2)
  3 bats
  A giant newt (D:1)
  4 kobolds
  4 rats
27 creatures vanquished.

Notes
Turn   | Place    | Note
--------------------------------------------------------------
     0 | D:1      | dwasdwasdwas the Demonspawn Fire Elementalist began the quest for the Orb.
     0 | D:1      | Reached XP level 1. HP: 13/13 MP: 3/3
   583 | D:1      | Gained mutation: You are partially covered in large bone plates (AC +2, SH +2). [demonic ancestry]
   583 | D:1      | Reached XP level 2. HP: 19/19 MP: 3/5
   594 | D:1      | Reached skill level 3 in Fire Magic
  1028 | D:1      | Learned a level 2 spell: Throw Flame
  1672 | D:2      | Reached XP level 3. HP: 20/24 MP: 0/6
  2012 | D:2      | Found an oddly glowing altar of Pakellas.
  2039 | D:2      | Became a worshipper of Pakellas the Inventive
  2092 | D:2      | Noticed Sigmund
  2099 | D:2      | Learned a level 3 spell: Conjure Flame
  2145 | D:2      | Slain by Sigmund

Vault maps used:
D:1:      dpeg_arrival_snail
D:2:      overflow_temple_1_default, first_bread, minmay_gold_behind_fungi,
          uniq_sigmund

Skill      XL: |  1  2  3 |
---------------+----------+-----
Fire Magic     | 3 |  3.2
Dodging        | 2 |  2.0
Stealth        | 2 |  2.1
Fighting       | |  0.2
Spellcasting   | |  2.5
Conjurations   | |  1.5

Action                   || total
-------------------------++-------
Melee: Hand axe          ||    22
 Cast: Flame Tongue      ||    28
       Throw Flame       ||    18
       Conjure Flame     ||     1
  Use: Potion            ||     2
       Scroll            ||     1
  Eat: Bread ration      ||     1
       Fruit             ||     1
